 Dungeon Crawl Stone Soup version 0.16-a0-3641-g71d4c1b (webtiles) character file.

3653 herbaltea the Cleaver (level 9, -1/76 HPs)
             Began as a Deep Dwarf Hunter on Apr 13, 2015.
             Was a Follower of Pakellas.
             Slain by a hill giant
             ... wielding a +0 giant club
              (33 damage)
             ... on level 7 of the Dungeon.
             The game lasted 00:29:21 (6341 turns).

herbaltea the Cleaver (Deep Dwarf Hunter)           Turns: 6341, Time: 00:29:21

Health: -1/76      AC: 13    Str: 19      XL:     9   Next: 88%
Magic:  0/7        EV:  9    Int: 12      God:    Pakellas [*.....]
Gold:   174        SH:  0    Dex:  9 (13) Spells: 0 memorised, 8 levels left

rFire  . . .     SeeInvis .     v - +0 blowgun
rCold  . . .     Clarity  .     L - +0 chain mail
rNeg   + . .     SustAb   .     (no shield)
rPois  .         Gourm    .     (no helmet)
rElec  .         Spirit   +     Z - +0 cloak
rCorr  .         Warding  .     K - +0 pair of gloves
rMut   .         Stasis   .     a - +0 pair of boots
MR     +....                    W - amulet of guardian spirit
Stlth  ..........               q - ring of stealth
                                o - ring of positive energy

@: non-regenerating, somewhat resistant to hostile enchantments, extremely
unstealthy
A: damage resistance, recharge devices, sense surroundings 2, slow healing 3
a: Device Recharging, Minor Device Surge, Renounce Religion


You were on level 7 of the Dungeon.
You worshipped Pakellas.
Pakellas was aware of your devotion.
You were not hungry.

You visited 2 branches of the dungeon, and saw 8 of its levels.
You also visited: Ossuary.

You collected 357 gold pieces.
You spent 183 gold pieces at shops.

Inventory:

Hand weapons
 s - a +1 hand crossbow
 v - a +0 blowgun (weapon)
 w - a +1 battleaxe of chopping
 E - a cursed +1 vampiric spear
 G - a +1 dagger of flaming
Missiles
 c - 63 bolts
 n - 13 bolts of frost
 A - 51 poisoned needles (quivered)
 B - 2 needles of frenzy
 D - 8 bolts of flame
Armour
 a - a +0 pair of boots (worn)
 K - a +0 pair of gloves (worn)
 L - a +0 chain mail (worn)
 Z - a +0 cloak (worn)
Jewellery
 h - the ring of Chamugh {*Tele +Fly rN+}
   (You found it on level 4 of the Dungeon)

   [ring of flight]

   It protects you from negative energy.
   It lets you fly.
   It causes random teleportation.
 o - a ring of positive energy (left hand)
 q - a ring of stealth (right hand)
 r - a +3 ring of intelligence
 W - an amulet of guardian spirit (around neck)
Magical devices
 e - a wand of heal wounds (1)
 y - a wand of random effects (10)
 z - a wand of fire (0)
 P - a wand of cold (6)
 Y - a wand of lightning (4)
Scrolls
 i - a scroll of enchant armour {unknown}
 p - 2 scrolls of blinking
 x - a scroll of fear
 C - 3 scrolls of remove curse
 H - 2 scrolls of acquirement {unknown}
 I - a scroll of torment {unknown}
 S - a scroll of recharging {unknown}
 T - 2 scrolls of teleportation
 X - a scroll of magic mapping
Potions
 b - 5 potions of curing
 k - a potion of agility
 m - 5 potions of resistance
 u - a potion of might
 F - a potion of restore abilities {unknown}
 J - a potion of ambrosia {unknown}
 M - a potion of lignification {unknown}
 N - 2 potions of flight {unknown}
 O - 2 potions of brilliance {unknown}
 Q - a potion of magic {unknown}
 R - a potion of degeneration {unknown}
 U - a potion of poison {unknown}
Books
 d - a book of Unlife

   Spells                             Type                      Level
   a - Recall                         Summoning/Translocation      3
   b - Animate Dead                   Necromancy                   4
   c - Control Undead                 Necromancy                   4
   d - Cigotuvi's Embrace             Necromancy                   5
   e - Death Channel                  Necromancy                   6
   f - Simulacrum                     Ice/Necromancy               6
   Pakellas disapproves of the use of such an item.
 V - a book of the Tempests

   Spells                             Type                      Level
   a - Static Discharge               Conjuration/Air              3
   b - Lightning Bolt                 Conjuration/Air              5
   c - Fireball                       Conjuration/Fire             5
   d - Tornado                        Air                          9
   e - Shatter                        Earth                        9
   Pakellas disapproves of the use of such an item.
Comestibles
 f - 8 bread rations
 g - 2 beef jerkies
 l - a meat ration


   Skills:
 - Level 3.3 Fighting
 - Level 0.1 Short Blades
 * Level 12.3 Axes
 + Level 5.4 Crossbows
 - Level 5.2 Armour
 - Level 5.2 Dodging
 - Level 1.5 Stealth
 - Level 1.1 Evocations


You had 8 spell levels left.
You didn't know any spells.

Dungeon Overview and Level Annotations

Branches:
Dungeon (7/15)             Temple (1/1) D:6

Altars:
Ashenzari
Dithmenos
Elyvilon
Fedhas
Gozag
Kikubaaqudgha
Makhleb
Nemelex Xobeh
Okawaru
Pakellas
Qazlal
Ru
Sif Muna
Trog
Vehumet
Xom
Yredelemnul
Zin
The Shining One

Shops:
D:5 (   D:7 (

Annotations:
D:4 2 exclusions
D:5 exclusion: downstairs, Grinder


Innate Abilities, Weirdness & Mutations

You are resistant to damage.
You can recharge devices by infusing magical energy.
You passively map the area around you.
You do not heal naturally.


Message History

You shoot a poisoned needle.
The poisoned needle barely misses the hill giant.
The hill giant closely misses you.
Evoke which item? (* to show all) (? for menu, Esc to quit)
Zapping:
P - a wand of cold (8)
Press: ? - help, Shift-Dir - straight line, f/p - hill giant
Aim: a hill giant, wielding a giant club The bolt of cold hits the hill giant.
The hill giant is moderately wounded.
This wand has 7 charges left.
The hill giant hits you with a giant club!!
Evoke which item? (* to show all) (? for menu, Esc to quit)
Zapping:
P - a wand of cold (7)
Press: ? - help, Shift-Dir - straight line, f/p - hill giant
Aim: a hill giant, wielding a giant club (moderately wounded)
The bolt of cold hits the hill giant.
The hill giant is heavily wounded.
This wand has 6 charges left.
The hill giant hits you with a giant club!!!
You die...

#####*##.###.########.#..........
.(..# #.# #.#..######## , ...#
#.# #####.#..#.###### ....*#.#
#.)...#..#....... ** ##..##.#
#.....#..#.#####. ...#.#
#.....#..#.#..... # #.#.#
#.....#..#.#.....
###.#[..####.....#..#.######
#.........C@...#.#..#......†
#.#.##).######.#.#..########
#....>..# #.#.#..........
,#####.#.# #.#.#.......... #.#.#
#.#.#.......... , #.# #
#.#.....#####.. *, #.# #.#######
#.# * #.# . #.# , #.# #..


You could see a hill giant.

Vanquished Creatures
  The ghost of herbaltea the Bolt Thrower, an experienced DDHu (D:6)
  Pikel (D:7)
  2 centaur zombies
  2 wraiths (Ossuary)
  A phantom (D:5)
  2 ogres
  A sky beast (D:5)
  A black bear (D:7)
  2 centaurs
  2 giant frogs (D:7)
  A wyvern skeleton (D:6)
  A scorpion (D:5)
  7 wights
  2 crimson imps
  2 hounds
  2 quasits (D:6)
  2 giant frog zombies
  A giant frog skeleton (D:3)
  A centaur skeleton (D:5)
  An orc priest (D:3)
  6 orc wizards
  2 iguanas
  5 worker ants
  A killer bee zombie (D:5)
  A hound zombie (D:5)
  6 adders
  3 gnolls (D:6)
  A giant mite (D:7)
  7 worms
  2 adder zombies (Ossuary)
  An adder skeleton (D:5)
  7 giant geckos
  3 oozes
  20 orcs
  2 ball pythons
  16 bats
  A bat zombie (D:5)
  5 giant cockroaches
  15 goblins
  18 hobgoblins
  7 jackals
  13 kobolds
  A quokka (D:3)
  2 ball python skeletons (Ossuary)
  2 giant newts
  A hobgoblin skeleton (Ossuary)
  2 kobold zombies (Ossuary)
  13 rats
198 creatures vanquished.

Vanquished Creatures (others)
  3 slaves (D:7)
  A centaur (D:7)
  A wight (D:7)
  An adder (D:7)
  2 goblins (D:7)
8 creatures vanquished.

Grand Total: 206 creatures vanquished

Notes
Turn   | Place    | Note
--------------------------------------------------------------
     0 | D:1      | herbaltea, the Deep Dwarf Hunter, began the quest for the Orb.
     0 | D:1      | Reached XP level 1. HP: 19/19 MP: 1/1
   112 | D:1      | Reached XP level 2. HP: 6/26 MP: 2/2
   712 | D:2      | Reached XP level 3. HP: 20/32 MP: 3/3
   941 | D:2      | Reached skill level 1 in Axes
   950 | D:2      | Reached skill level 1 in Armour
   950 | D:2      | Reached XP level 4. HP: 10/39 MP: 4/4
   988 | D:2      | Found an iron altar of Okawaru.
  1160 | D:2      | Reached skill level 5 in Crossbows
  1895 | D:3      | Reached XP level 5. HP: 25/45 MP: 5/5
  2244 | D:3      | Found a shattered altar of Ashenzari.
  2265 | D:3      | Reached XP level 6. HP: 45/55 MP: 6/6
  2787 | D:4      | Found a sand-covered staircase.
  2851 | Ossuary  | Entered an ossuary
  3031 | Ossuary  | Noticed a flying skull
  3031 | Ossuary  | Noticed a wraith
  3092 | Ossuary  | Noticed a flying skull
  3139 | Ossuary  | Reached XP level 7. HP: 47/61 MP: 6/6
  3155 | Ossuary  | Noticed a wraith
  3165 | Ossuary  | Killed a wraith
  3171 | Ossuary  | Noticed a flying skull
  3172 | Ossuary  | Noticed a flying skull
  3181 | Ossuary  | Noticed a wraith
  3201 | Ossuary  | Killed a wraith
  3201 | Ossuary  | Reached skill level 5 in Armour
  3201 | Ossuary  | Reached skill level 5 in Dodging
  3201 | Ossuary  | Reached skill level 1 in Evocations
  3436 | D:4      | Found a white marble altar of Elyvilon.
  3467 | D:4      | Got a bound platinum ring
  3646 | D:4      | Noticed a moth of wrath
  3648 | D:4      | Found a bloodstained altar of Trog.
  3864 | D:4      | Reached XP level 8. HP: 30/69 MP: 7/7
  4052 | D:5      | Entered Level 5 of the Dungeon
  4070 | D:5      | Reached skill level 5 in Axes
  4196 | D:5      | Reached skill level 6 in Axes
  4297 | D:5      | Noticed Grinder
  4346 | D:6      | Noticed a centaur zombie
  4362 | D:6      | Killed a centaur zombie
  4362 | D:6      | Reached skill level 8 in Axes
  4365 | D:6      | Noticed herbaltea's ghost (experienced DDHu)
  4365 | D:6      | Found a staircase to the Ecumenical Temple.
  4385 | Temple   | Entered the Ecumenical Temple
  4405 | Temple   | Became a worshipper of Pakellas the Inventive
  4808 | D:5      | Found Ciafud's Weapon Shop.
  4812 | D:5      | Bought a +1 battleaxe of chopping for 183 gold pieces
  4839 | D:5      | Reached skill level 9 in Axes
  4934 | D:5      | Gained mutation: You passively map the area around you. [level up]
  4934 | D:5      | Reached XP level 9. HP: 35/76 MP: 8/8
  5198 | D:6      | Acquired Pakellas' first power
  5380 | D:6      | Killed herbaltea's ghost
  5380 | D:6      | Reached skill level 10 in Axes
  5808 | D:7      | Reached skill level 11 in Axes
  5809 | D:7      | Noticed Pikel
  5828 | D:7      | Killed Pikel
  5832 | D:7      | Found a deep blue altar of Sif Muna.
  5957 | D:7      | Reached skill level 12 in Axes
  6200 | D:7      | Found Exunavia's Antique Weapon Shoppe.
  6238 | D:7      | Identified the ring of Chamugh {*Tele +Fly rN+} (You found it on level 4 of the Dungeon)
  6328 | D:7      | Noticed a hill giant
  6341 | D:7      | Slain by a hill giant

Action                   |  1- 3 |  4- 6 |  7- 9 || total
-------------------------+-------+-------+-------++-------
Melee: Short sword       |   104 |    28 |       ||   132
       Hand axe          |    85 |   175 |       ||   260
       Dagger            |       |   280 |       ||   280
       Battleaxe         |       |    17 |   395 ||   412
       War axe           |       |       |     1 ||     1
 Fire: Hand crossbow     |     9 |    31 |    11 ||    51
       Blowgun           |       |       |    25 ||    25
 Abil: Device Recharging |       |     1 |     2 ||     3
Evoke: Wand              |     1 |     9 |    18 ||    28
  Use: Scroll            |       |    10 |     5 ||    15
 Stab: Sleeping          |       |     1 |       ||     1
  Eat: Chunk             |       |     7 |     7 ||    14
       Pizza             |       |     1 |       ||     1
       Meat ration       |       |       |     1 ||     1
